Unix NetHack Version 5.0.0-0 post-release - last build Jun 10 2026 00:39:30 (3ee93aec679c4c4259841fe613dc97188e26a321,branch:main).

Game began 2026-06-29 17:22:20, ended 2026-06-29 17:55:42.

HenriqueII, lawful male human Archeologist

 -------                   -----
 |......##                 |...|
 |.....| #    --------     |....#
 |.....| #####|......|     |...|#
 -.--.--     #........#    --.--#
     #        |...{..|#      #  ##
     #        --.-----#      #   #
     #                #      #   #
    ###               #      #   ##
 ---.-|--             #      #    #
 |.......#            ########    ##
 |......|                  --..-   #
 |......|                  |*^.|   #
 |`.....|                  |...|   #       |
 --------                  |...|   ##    ..|
                           +.>.|    ##@B...|
                           -----         ..|
                                         ---

HenriqueII the Field Worker  St:16 Dx:18 Co:11 In:14 Wi:12 Ch:10  Lawful
Dlvl:6  $:121 HP:0(37) Pw:18(18) AC:7  Xp:5 T:4089  Burdened

Latest messages:
 In what direction? l
 As you kick the door, it crashes open!
 You start digging.
 You hit the rock with all your might.
 You hear someone counting gold coins.
 You succeed in cutting away some rock.
 This door is locked.
 In what direction? j
 Whammm!!
 In what direction? j
 Whammm!!
 In what direction? j
 Whammm!!
 In what direction? j
 As you kick the door, it crashes open!
 A trap door in the ceiling opens and a rock falls on your head!
 Your fedora does not protect you.
 You fall down the stairs.
 You have a little trouble lifting M - a scroll of identify.
 You climb up the stairs.
 You start digging.
 You hit the rock with all your might.
 You make an opening in the wall.
 In what direction? h
 You kick a rock.
 You find a hidden door.
 In what direction? k
 Whammm!!
 In what direction? k
 As you kick the door, it crashes open!
 In what direction? l
 You kick the door.
 KABOOM!!  The door was booby-trapped!
 You stagger...
 You stop searching.
 You feel a bit steadier now.
 You kill the iguana!
 You hear the footsteps of a guard on patrol.
 You find a hidden door.
 In what direction? l
 Thwack!!
 In what direction? l
 As you kick the door, it crashes open!
 You hit the giant bat!
 The giant bat bites!
 The giant bat bites!
 You hear someone counting gold coins.
 The giant bat bites!
 You die...
 Do you want your possessions identified? [ynq] (y) q

Inventory:
 Coins    ('$')
  $ - 121 gold pieces
 Amulets  ('"')
  G - an uncursed amulet of unchanging (being worn)
 Weapons  (')')
  a - a blessed +2 bullwhip
 Armor    ('[')
  c - an uncursed +0 fedora (being worn)
  x - an uncursed +0 pair of iron shoes
  s - an uncursed +0 pair of speed boots (being worn)
  e - an uncursed +0 alchemy smock with text "Kiss the cook" (being worn)
  b - an uncursed +0 leather jacket (being worn)
 Comestibles  ('%')
  d - 3 uncursed food rations
 Scrolls  ('?')
  m - an uncursed scroll of amnesia
  A - 4 uncursed scrolls of blank paper
  M - a blessed scroll of identify
  q - an uncursed scroll of remove curse
 Potions  ('!')
  I - an uncursed potion of healing
  r - an uncursed potion of monster detection
  n - an uncursed potion of restore ability
 Tools    ('(')
  S - an uncursed sack containing 1 item
  l - a bag of tricks (0:9)
  w - an uncursed wooden flute
  g - an uncursed brass lantern
  X - an uncursed brass lantern
  i - an uncursed oil lamp
  p - a +0 pick-axe (weapon in right hand)
  f - a tinning kit (0:69)
  L - a tinning kit (0:34)
 Gems/Stones  ('*')
  t - an uncursed touchstone

Contents of the sack:
  135 gold pieces

HenriqueII the Archeologist's attributes:

Background:
 You were a Field Worker, a level 5 male human Archeologist.
 You were lawful, on a mission for Quetzalcoatl
 who was opposed by Camaxtli (neutral) and Huhetotl (chaotic).
 You were right-handed.
 You were in the Dungeons of Doom, on level 6.
 You entered the dungeon 4089 turns ago.
 There was a full moon in effect when your adventure ended.
 You had 232 experience points, 88 more were needed to attain level 6.

Basics:
 You had 0 out of 37 hit points.
 You had all 18 energy points (spell power).
 Your armor class was 7.
 Your wallet contained 121 zorkmids, and
 you had 135 more stashed away in your pack.
 Autopickup was on for '$!?/="' plus thrown, with exceptions.

Final Characteristics:
 Your strength was 16 (limit:18/100).
 Your dexterity was 18 (limit:18).
 Your constitution was 11 (limit:18).
 Your intelligence was 14 (limit:18).
 Your wisdom was 12 (limit:18).
 Your charisma was 10 (limit:18).

Final Status:
 You weren't hungry.
 You were burdened; movement was slightly slowed.
 You were wielding a pick-axe.
 You had basic skill with pick-axe.

Final Attributes:
 You were piously aligned.
 You were poison resistant.
 You were acid resistant.
 Your items were protected from acid.
 You had automatic searching.
 You were stealthy.
 You were warded.
 You couldn't change from your current form.
 You were very fast.
 You were lucky.
 You are dead.

Miscellaneous:
 You didn't encounter any bones levels.
 Total elapsed playing time was 33 minutes and 20 seconds.

Major events:
 Turn
    1: HenriqueII the lawful male human Archeologist entered the dungeon
 2045: attained the rank of Field Worker (level 3)
 2854: entered the Gnomish Mines
 4089: killed by a giant bat

You didn't know any spells.

Skills:
 Fighting Skills
   bare handed combat [Unskilled]
   two weapon combat  [Unskilled]
   riding             [Unskilled]
 Weapon Skills
   dagger             [Unskilled]
   knife              [Unskilled]
   pick-axe           [Basic]
   short sword        [Unskilled]
   saber              [Unskilled]
   club               [Unskilled]
   quarterstaff       [Unskilled]
   sling              [Unskilled]
   dart               [Unskilled]
   boomerang          [Unskilled]
   whip               [Basic]
   unicorn horn       [Unskilled]
 Spellcasting Skills
   attack spells      [Unskilled]
   healing spells     [Unskilled]
   divination spells  [Unskilled]
   matter spells      [Unskilled]

Voluntary challenges:
 Character rerolling was not enabled.
 You never genocided any monsters.
 You never polymorphed an object.
 You never changed form.
 You used no wishes.
Achievements:
 You entered a shop.
 You attained the rank of Field Worker.
 You entered the Gnomish Mines.

 The Dungeons of Doom: levels 1 to 7
    Level 1:
       A fountain.
    Level 2:
       A general store.
    Level 3:
       A tool shop, a fountain.
    Level 4:
       A bookstore, an altar, some fountains.
       Stairs down to The Gnomish Mines.
    Level 5:
       A general store, a sink.
    Level 6: <- You were here.
       A fountain.
       Final resting place for
          you, killed by a giant bat.
    Level 7:
 The Gnomish Mines:
    Level 5:


Vanquished creatures:
  a leprechaun
 an imp
  2 rock moles
  a paper golem
  a kitten
  a dwarf
  a kobold leader
  a hill orc
  2 giant bats
  3 iguanas
 an acid blob
  a coyote
  6 manes
  a large kobold
  a brown mold
  a yellow mold
  a green mold
  8 geckos
  3 jackals
  2 foxes
  a kobold
  a goblin
  5 grid bugs
  a lichen
  a kobold zombie
  8 newts
56 creatures vanquished.

No species were genocided or became extinct.

Game over:
                       ----------
                      /          \
                     /    REST    \
                    /      IN      \
                   /     PEACE      \
                  /                  \
                  |    HenriqueII    |
                  |      256 Au      |
                  |   killed by a    |
                  |    giant bat     |
                  |                  |
                  |                  |
                  |       2026       |
                 *|     *  *  *      | *
        _________)/\\_//(\/(/\)/\//\/|_)_______

Goodbye HenriqueII the Archeologist...

You died in The Dungeons of Doom on dungeon level 6 with 1469 points,
and 256 pieces of gold, after 4089 moves.
You were level 5 with a maximum of 37 hit points when you died.

